 Dungeon Crawl Stone Soup version 0.29-a0-352-g0917bc69df (webtiles) character file.

Game seed: 9072995364945118045

758 spaghetti the Covert (level 7, -2/60 HPs)
             Began as a Gnoll Delver on Apr 25, 2022.
             Slain by an orc warrior
             ... wielding a +0 war axe
              (15 damage)
             ... on level 6 of the Dungeon.
             The game lasted 00:11:32 (3989 turns).

spaghetti the Covert (Gnoll Delver)                 Turns: 3989, Time: 00:11:33

Health: -2/60      AC: 12    Str: 17    XL:     7   Next: 80%
Magic:  11/11      EV: 13    Int: 15    God:
Gold:   265        SH:  0    Dex: 13    Spells: 11/11 levels left

rFire   + . .      SeeInvis .   q - +2 dagger (protect) {short}
rCold   + . .      Faith    .   (no shield)
rNeg    . . .      Spirit   .   b - +0 leather armour
rPois   +          Reflect  .   l - +1 helmet {Int+3}
rElec   +          Harm     .   (no cloak)
rCorr   +          Rampage  .   (no gloves)
Will    .....                   (no boots)
Stlth   ++++......              (no amulet)
HPRegen 0.20/turn               x - +6 ring of strength
MPRegen 0.12/turn               (no ring)

@: about to teleport, resistant, under a protective aura, attractive
A: fangs 1, strong nose, distributed training
a: no special abilities


You were on level 6 of the Dungeon.
You visited 1 branch of the dungeon, and saw 6 of its levels.

You collected 265 gold pieces.


Innate Abilities, Weirdness & Mutations

You have very sharp teeth.
Your uncanny sense of smell can sniff out nearby items.
Your experience applies equally to all skills.


   Skills:
 + Level 7.1 Fighting
 + Level 5.3 Short Blades
 + Level 2.7 Long Blades
 + Level 2.7 Axes
 + Level 2.7 Maces & Flails
 + Level 2.7 Polearms
 + Level 2.7 Staves
 + Level 2.7 Slings
 + Level 2.7 Bows
 + Level 2.7 Crossbows
 + Level 2.7 Throwing
 + Level 2.7 Armour
 + Level 5.3 Dodging
 + Level 10.0 Stealth
 + Level 2.7 Shields
 + Level 2.7 Unarmed Combat
 + Level 2.7 Spellcasting
 + Level 2.2 Conjurations
 + Level 2.2 Hexes
 + Level 2.2 Summonings
 + Level 2.2 Necromancy
 + Level 2.2 Translocations
 + Level 2.2 Transmutations
 + Level 2.2 Fire Magic
 + Level 2.2 Ice Magic
 + Level 2.2 Air Magic
 + Level 2.2 Earth Magic
 + Level 2.2 Poison Magic
 + Level 3.0 Invocations
 + Level 2.7 Evocations


You had 11 spell levels left.
You didn't know any spells.
Your spell library contained the following spells:

 Spells                   Type           Power      Damage    Failure   Level
 Animate Skeleton         Necr           16%        N/A       10%         1
 Magic Dart               Conj           32%        1d4       10%         1
 Pain                     Necr           32%        1d5       10%         1
 Searing Ray              Conj           16%        2d5       16%         2
 Gell's Gravitas          Tloc           8%         N/A       30%         3
 Teleport Other           Tloc           8%         N/A       30%         3
 Vampiric Draining        Necr           8%         2d6       30%         3
 Animate Dead             Necr           4%         N/A       69%         4
 Fulminant Prism          Conj/Hex       4%         3d6       69%         4
 Dispersal                Tloc           4%         N/A       100%        6
 Haunt                    Necr/Summ      4%         N/A       100%        7
 Infestation              Necr           4%         N/A       100%        8

Inventory:

Hand Weapons
 a - a +0 short sword {short}
 e - a +2 dagger of flaming {short}
   (You took it off a goblin on level 1 of the Dungeon)
 q - a +2 dagger of protection (weapon) {short}
   (You took it off a goblin on level 2 of the Dungeon)
Missiles
 h - 299 stones (quivered) {throwing}
 n - 5 poisoned darts {throwing}
 w - a throwing net {=f!fthrowing}
 C - 4 silver javelins {throwing}
Armour
 b - a +0 leather armour (worn)
 l - a +1 helmet of intelligence (worn)
   (You found it on level 1 of the Dungeon)
Magical Staves
 m - a staff of earth {!astaff}
   (You found it on level 1 of the Dungeon)
 u - a staff of earth {!astaff}
   (You found it on level 2 of the Dungeon)
Jewellery
 i - an amulet of faith {!P}
   (You found it on level 6 of the Dungeon)
 x - a +6 ring of strength (left hand)
   (You found it on level 3 of the Dungeon)
Wands
 g - a wand of digging (3)
Scrolls
 c - a scroll of fog
 d - a scroll of magic mapping {!r}
 j - a scroll of identify {@r1}
 p - 2 scrolls of acquirement
 r - a scroll of teleportation {@r4}
 v - a scroll of amnesia {unknown}
 y - 3 scrolls of enchant weapon {unknown}
 A - a scroll of summoning {unknown}
Potions
 f - 2 potions of haste {@q3}
 k - a potion of curing {@q1}
 s - 2 potions of brilliance
 t - a potion of heal wounds {@q2}

Dungeon Overview and Level Annotations

Branches:
Dungeon (6/15)
 Temple: D:4-7

Altars:

###############
#...(.@oooยง...#
#.#########<#.#
#.o# โˆ† #.>.
โˆ† ...#.
.##.... .. #.#
.. ## #.# ###
#.#


You could see an orc warrior and 2 orcs.


Message History

The orc hits you with a +0 dagger. ๐Ÿ˜• HP[-1]
You take 1 damage, and now have 59/60 hp.
You hit the white imp.
You kill the white imp!
The orc hits you but does no damage.
You hit the orc. You hit the orc. The orc misses you.
You closely miss the orc. The orc barely misses you. ๐Ÿ˜Ž HP[+1]
Your hp is fully restored (60).
The orc shouts!
You hit the orc.
You kill the orc!
You hit the ogre. The ogre completely misses you.
You hit the ogre. You barely miss the ogre. The ogre misses you.
The ogre attacks as you move away! The ogre misses you.
There is a stone staircase leading up here.
There is a stone staircase leading down here.
You can't go up here!
You climb downwards.
The orc warrior shouts!
The orc shouts! x2
Found 7 stones.
Found a stone staircase leading down.
There is a stone staircase leading up here.
Unknown command.
Unknown command.
You hit the orc warrior but do no damage.
Your weapon exudes an aura of protection.
The orc warrior hits you with a +0 war axe! ๐Ÿ˜• HP[-13]
You take 13 damage, and now have 47/60 hp.
MASSIVE DAMAGE!! (PAUSE)
The orc warrior attacks as you move away!
The orc warrior hits you with a +0 war axe! ๐Ÿ˜ฎ HP[-7]
You take 7 damage, and now have 40/60 hp.
It was a potion of resistance.
You feel protected. The orc warrior barely misses you.
It was a potion of attraction.
You feel attractive to monsters. The orc warrior barely misses you.
You hit the orc warrior but do no damage.
Your weapon exudes an aura of protection.
The orc warrior hits you with a +0 war axe!
* * * LOW HITPOINT WARNING * * *
๐Ÿ˜จ HP[-13]
You take 13 damage, and now have 27/60 hp.
MASSIVE DAMAGE!! (PAUSE) This is a scroll of acquirement!
Okay, then.
Okay, then.
Okay, then.
Okay, then.
Okay, then.
Okay, then.
Okay, then.
Okay, then.
You hit the orc warrior but do no damage.
Your bite misses the orc warrior. The orc warrior closely misses you.
You hit the orc warrior but do no damage.
Your bite misses the orc warrior. You barely miss the orc warrior.
The orc warrior closely misses you.
You hit the orc warrior but do no damage.
The orc warrior closely misses you.
You hit the orc warrior but do no damage.
You bite the orc warrior.
The orc warrior hits you with a +0 war axe.
* * * LOW HITPOINT WARNING * * *
๐Ÿ˜จ HP[-3]
You take 3 damage, and now have 24/60 hp.
You completely miss the orc warrior. You closely miss the orc warrior.
The orc warrior hits you with a +0 war axe!
* * * LOW HITPOINT WARNING * * *
๐Ÿ˜จ HP[-8]
You take 8 damage, and now have 16/60 hp.
You hit the orc warrior but do no damage.
You bite the orc warrior, but do no damage.
The orc warrior closely misses you.
As you read the scroll labelled SOCRIJ VOIFUECK, it crumbles to dust.
You feel strangely unstable.
It was a scroll of teleportation.
The orc warrior hits you but does no damage.
The orc warrior attacks as you move away!
The orc warrior hits you with a +0 war axe.
* * * LOW HITPOINT WARNING * * *
The orc is attracted toward you. x2 ๐Ÿ˜ฑ HP[-4]
You take 4 damage, and now have 12/60 hp.
The orc warrior attacks as you move away!
The orc warrior hits you but does no damage.
The orc is attracted toward you. ๐Ÿ˜ฑ HP[+1] Unknown command.
Unknown command.
The orc warrior attacks as you move away!
The orc warrior hits you with a +0 war axe!
You die...

Skill      XL: |  1  2  3  4  5  6  7 |
---------------+----------------------+-----
Stealth        | 10 | 10.0
Invocations    | 1 2 3 |  3.0
Long Blades    | 1 2 |  2.7
Axes           | 1 2 |  2.7
Maces & Flails | 1 2 |  2.7
Polearms       | 1 2 |  2.7
Staves         | 1 2 |  2.7
Slings         | 1 2 |  2.7
Bows           | 1 2 |  2.7
Crossbows      | 1 2 |  2.7
Throwing       | 1 2 |  2.7
Armour         | 1 2 |  2.7
Shields        | 1 2 |  2.7
Unarmed Combat | 1 2 |  2.7
Spellcasting   | 1 2 |  2.7
Evocations     | 1 2 |  2.7
Conjurations   | 1 2 |  2.2
Hexes          | 1 2 |  2.2
Summonings     | 1 2 |  2.2
Necromancy     | 1 2 |  2.2
Translocations | 1 2 |  2.2
Transmutations | 1 2 |  2.2
Fire Magic     | 1 2 |  2.2
Ice Magic      | 1 2 |  2.2
Air Magic      | 1 2 |  2.2
Earth Magic    | 1 2 |  2.2
Poison Magic   | 1 2 |  2.2
Short Blades   | 5 |  5.3
Dodging        | 5 |  5.3
Fighting       | 7 |  7.1

Action                   |  1- 3 |  4- 6 |  7- 9 || total
-------------------------+-------+-------+-------++-------
Melee: Short sword       |    32 |       |       ||    32
       Bite              |     3 |    23 |     9 ||    35
       Dagger            |    51 |   166 |    58 ||   275
       Punch             |       |     4 |       ||     4
  Use: Scroll            |     1 |     3 |     1 ||     5
       Potion            |       |     3 |     2 ||     5
 Stab: Sleeping          |    15 |    13 |     2 ||    30
Armor: Leather armour    |     9 |    72 |    19 ||   100
Dodge: Dodged            |    37 |    87 |    26 ||   150

Levels and vault maps discovered:
D:1:      dpeg_arrival_arbitrary_c, layout_basic,
          chequers_ecumenical_altar_simple_redux, serial_bayou_pond_a,
          st_stairs_3
D:2:      layout_rooms, kennysheep_doodads, minmay_quantized
D:3:      layout_rooms
D:4:      layout_basic, kennysheep_boxes
D:5:      layout_cave_pools, kennysheep_vampire_church,
          minmay_temple_entry_stoned_glass, lightli_sewer_entry_pipes,
          minmay_misc_feat_nine_boxes
D:6:      layout_basic, centaur_isle, uniq_edmund, uniq_menkaure

Notes
Turn   | Place    | Note
-------+----------+-------------------------------------------
     0 | D:5      | Reached skill level 9 in Stealth
     0 | D:5      | spaghetti the Gnoll Delver began the quest for the Orb.
     0 | D:5      | Reached XP level 1. HP: 23/23 MP: 1/1
     0 | D:5      | magus.rc [v1.9.6]
    31 | D:5      | HP: 1/23 [white imp/puff of frost (6)]
    36 | D:5      | You pick up a book of Necromancy and begin reading...
    36 | D:5      | You add the spells Pain, Animate Skeleton and Vampiric
                  | Draining to your library.
   519 | D:4      | Noticed a bullfrog
   542 | D:2      | Reached XP level 2. HP: 29/29 MP: 2/2
   547 | D:2      | You add the spells Gell's Gravitas, Teleport Other and
                  | Dispersal to your library.
   576 | D:1      | Found a faded altar of an unknown god.
   832 | D:1      | Reached XP level 3. HP: 35/35 MP: 3/3
  1162 | D:1      | Reached skill level 1 in Invocations
  1276 | D:2      | Reached skill level 1 in Long Blades
  1276 | D:2      | Reached skill level 1 in Axes
  1276 | D:2      | Reached skill level 1 in Maces & Flails
  1276 | D:2      | Reached skill level 1 in Polearms
  1276 | D:2      | Reached skill level 1 in Staves
  1276 | D:2      | Reached skill level 1 in Slings
  1276 | D:2      | Reached skill level 1 in Bows
  1276 | D:2      | Reached skill level 1 in Crossbows
  1276 | D:2      | Reached skill level 1 in Throwing
  1276 | D:2      | Reached skill level 1 in Armour
  1276 | D:2      | Reached skill level 1 in Shields
  1276 | D:2      | Reached skill level 1 in Unarmed Combat
  1276 | D:2      | Reached skill level 1 in Spellcasting
  1276 | D:2      | Reached skill level 1 in Evocations
  1447 | D:2      | Reached XP level 4. HP: 38/41 MP: 5/5
  2196 | D:3      | Reached skill level 1 in Conjurations
  2196 | D:3      | Reached skill level 1 in Hexes
  2196 | D:3      | Reached skill level 1 in Summonings
  2196 | D:3      | Reached skill level 1 in Necromancy
  2196 | D:3      | Reached skill level 1 in Translocations
  2196 | D:3      | Reached skill level 1 in Transmutations
  2196 | D:3      | Reached skill level 1 in Fire Magic
  2196 | D:3      | Reached skill level 1 in Ice Magic
  2196 | D:3      | Reached skill level 1 in Air Magic
  2196 | D:3      | Reached skill level 1 in Earth Magic
  2196 | D:3      | Reached skill level 1 in Poison Magic
  2428 | D:4      | Killed a bullfrog
  2429 | D:4      | Reached XP level 5. HP: 47/47 MP: 5/7
  2522 | D:4      | You pick up a book of Conjurations {@e2} and begin
                  | reading...
  2522 | D:4      | You add the spells Magic Dart, Searing Ray and Fulminant
                  | Prism to your library.
  3128 | D:5      | Noticed an ogre
  3135 | D:5      | Noticed an ogre
  3341 | D:6      | Reached skill level 2 in Invocations
  3341 | D:6      | Reached XP level 6. HP: 53/53 MP: 8/8
  3354 | D:6      | Noticed an ice beast
  3374 | D:6      | Killed an ice beast
  3375 | D:6      | Reached skill level 5 in Short Blades
  3375 | D:6      | Reached skill level 2 in Long Blades
  3375 | D:6      | Reached skill level 2 in Axes
  3375 | D:6      | Reached skill level 2 in Maces & Flails
  3375 | D:6      | Reached skill level 2 in Polearms
  3375 | D:6      | Reached skill level 2 in Staves
  3375 | D:6      | Reached skill level 2 in Slings
  3375 | D:6      | Reached skill level 2 in Bows
  3375 | D:6      | Reached skill level 2 in Crossbows
  3375 | D:6      | Reached skill level 2 in Throwing
  3375 | D:6      | Reached skill level 2 in Armour
  3375 | D:6      | Reached skill level 5 in Dodging
  3375 | D:6      | Reached skill level 2 in Shields
  3375 | D:6      | Reached skill level 2 in Unarmed Combat
  3375 | D:6      | Reached skill level 2 in Spellcasting
  3375 | D:6      | Reached skill level 2 in Evocations
  3477 | D:6      | Noticed a black bear
  3504 | D:6      | Killed a black bear
  3516 | D:6      | Reached XP level 7. HP: 38/59 MP: 10/10
  3666 | D:6      | Reached skill level 7 in Fighting
  3774 | D:6      | You pick up a book of Death and begin reading...
  3774 | D:6      | You add the spells Animate Dead, Haunt and Infestation to
                  | your library.
  3793 | D:6      | Reached skill level 2 in Conjurations
  3793 | D:6      | Reached skill level 2 in Hexes
  3793 | D:6      | Reached skill level 2 in Summonings
  3793 | D:6      | Reached skill level 2 in Necromancy
  3793 | D:6      | Reached skill level 2 in Translocations
  3793 | D:6      | Reached skill level 2 in Transmutations
  3793 | D:6      | Reached skill level 2 in Fire Magic
  3793 | D:6      | Reached skill level 2 in Ice Magic
  3793 | D:6      | Reached skill level 2 in Air Magic
  3793 | D:6      | Reached skill level 2 in Earth Magic
  3793 | D:6      | Reached skill level 2 in Poison Magic
  3856 | D:6      | Noticed Menkaure
  3863 | D:6      | Killed Menkaure
  3898 | D:4      | Reached skill level 10 in Stealth
  3898 | D:4      | Reached skill level 3 in Invocations
  3977 | D:6      | Identified 2 scrolls of acquirement
  3987 | D:6      | HP: 12/60 [orc warrior/+0 war axe (4)]
  3989 | D:6      | Slain by an orc warrior

Vanquished Creatures
  Menkaure (D:6)
  A black bear (D:6)
  An ice beast (D:6)
  2 necrophages
  2 bullfrogs
  2 hounds
  4 adders
  A shadow imp (D:6)
  2 white imps
  2 worms
  4 dart slugs
  3 orcs
  13 endoplasms
  4 giant cockroaches
  8 goblins
  4 hobgoblins
  4 quokkas
  6 ball pythons
  4 bats
  4 frilled lizards
  A kobold (D:2)
  4 rats
77 creatures vanquished.

Table legend:
 A = Non-vault XP
 B = Vault XP
 C = Vault XP percentage of total XP
 D = Non-vault monster count
 E = Vault monster count
 F = Vault count percentage of total count
                 A         B        C        D         E       F
            +---------+---------+-------+---------+---------+-------
      Total |     896 |     188 |  17.3 |      68 |       9 |  11.7
            +---------+---------+-------+---------+---------+-------
        D:1 |      31 |       5 |  13.9 |      17 |       3 |  15.0
        D:2 |      50 |       8 |  13.8 |      15 |       5 |  25.0
        D:3 |      25 |       0 |   0.0 |      10 |       0 |   0.0
        D:4 |     257 |       0 |   0.0 |      16 |       0 |   0.0
        D:5 |      14 |       0 |   0.0 |       2 |       0 |   0.0
        D:6 |     519 |     175 |  25.2 |       8 |       1 |  11.1
            +---------+---------+-------+---------+---------+-------

Illustrated notes

Table legend:
 A = Kills in this place as a percentage of kills in entire the game.
 B = Kills by you in this place as a percentage of kills by you in the entire game.
 C = Kills by friends in this place as a percentage of kills by friends in the entire game.
 D = Other kills in this place as a percentage of other kills in the entire game.
 E = Experience gained in this place as a percentage of experience gained in the entire game.
 F = Experience gained in this place divided by the number of levels of this place that you have seen.
                   A       B       C       D       E      F
               +-------+-------+-------+-------+-------+----------------------
         Total | 100.0 | 100.0 |   N/A |   N/A | 100.0 | 180.7
       Dungeon | 100.0 | 100.0 |   N/A |   N/A | 100.0 | 180.7
               +-------+-------+-------+-------+-------+----------------------

Table legend: (Time is in decaauts)
 A = Elapsed time spent in this place.
 B = Non-inter-level travel time spent in this place.
 C = Inter-level travel time spent in this place.
 D = Time resting spent in this place.
 E = Time spent auto-exploring this place.
 F = Levels seen in this place.
 G = Mean time per level.
                   A        B        C        D        E       F      G
               +--------+--------+--------+--------+--------+-----+--------+
         Total |   3923 |   3793 |    130 |    543 |   2517 |   6 |  653.8 |
       Dungeon |   3923 |   3793 |    130 |    543 |   2517 |   6 |  653.8 |
               +--------+--------+--------+--------+--------+-----+--------+

Top non-repeatable levels by time:
     D:4: 1259 daAuts
     D:6: 723 daAuts
     D:1: 665 daAuts
     D:2: 637 daAuts
     D:3: 498 daAuts
     D:5: 139 daAuts
